 Dungeon Crawl Stone Soup version 0.32-a0-913-g739538afd8 (webtiles) character file.

Game seed: 2947740490262144601

185 SkeletonJelly the Chopper (level 5, -1/48 HPs)
             Began as a Minotaur Fighter on Apr 8, 2024.
             Slain by an orc wizard
             ... wielding a +1 dagger of speed
              (3 damage)
             ... on level 3 of the Dungeon.
             The game lasted 00:03:24 (1682 turns).

SkeletonJelly the Chopper (Minotaur Fighter)        Turns: 1682, Time: 00:03:25

Health: -1/48      AC:  6    Str: 23    XL:     5   Next: 37%
Magic:  4/4        EV:  8    Int:  5    God:
Gold:   136        SH:  4    Dex:  9    Spells: 4/4 levels left

rFire   . . .        a - +0 war axe
rCold   . . .        c - +0 buckler
rNeg    . . .        b - +0 scale mail
rPois   .            (helmet restricted)
rElec   .            (no cloak)
rCorr   .            (no gloves)
SInv    .            (no boots)
Will    .....        (no amulet) Stlth
                     (no ring)
HPRegen 0.28/turn    (no ring)
MPRegen 0.09/turn

%: no passive effects
@: no status effects
A: horns 2, retaliatory headbutt
a: no special abilities


You were on level 3 of the Dungeon.
You visited 1 branch of the dungeon, and saw 3 of its levels.

You collected 136 gold pieces.

Inventory:

Hand Weapons
 a - a +0 war axe (weapon)
Armour
 b - a +0 scale mail (worn)
 c - a +0 buckler (worn)
 m - a +0 plate armour
Jewellery
 e - a ring of magical power
 k - a ring of willpower
Scrolls
 g - a scroll of fear {unknown}
 i - a scroll of immolation {unknown}
 j - a scroll of enchant armour {unknown}
 l - a scroll of amnesia {unknown}
Potions
 d - a potion of might
 f - a potion of ambrosia {unknown}
 h - a potion of curing {unknown}


   Skills:
 + Level 5.2 Fighting
 * Level 5.7 Axes
 - Level 3.6 Armour
 - Level 3.6 Shields


You had 4 spell levels left.
You didn't know any spells.
Your spell library contained the following spells:

 Spells                   Type           Power      Damage    Failure   Level
 Brom's Barrelling Bould  Conj/Erth      0%         2d3       100%        4
 Fireball                 Conj/Fire      0%         3d3       100%        5
 Iskenderun's Battlesphe  Conj           0%         2d6       100%        5
 Conjure Ball Lightning   Conj/Air       0%         3x3d6     100%        6
 Orb of Destruction       Conj           0%         9d5       100%        7


Dungeon Overview and Level Annotations

Branches:
Dungeon (3/15)

Altars:


Innate Abilities, Weirdness & Mutations

You have a pair of horns on your head.
You reflexively headbutt those who attack you in melee.


Message History

A magic dart appears from out of thin air!
The magic dart hits you.
Something hits the rat.
Something hits you but does no damage.
You take 4 damage, and have 24/48 hp.
You miss something.
A magic dart appears from out of thin air!
The magic dart hits something.
You block something's attack.
You barely miss something. Something hits you but does no damage.
You miss something. Your headbutt misses something.
You hear some strange, mumbled words.
A magic dart appears from out of thin air!
The magic dart hits you.
A puff of flame appears from out of thin air!
The puff of flame hits something!
You take 3 damage, and have 22/48 hp.
You closely miss something. Something hits you but does no damage.
You hear some strange, mumbled words.
Something hits you but does no damage.
You hit something.
Reactivating autopickup.
An orc wizard appears from thin air!
Something hits you but does no damage.
Deactivating autopickup; reactivate with Ctrl-A.
You barely miss something. Something hits you but does no damage.
You barely miss something. Your headbutt misses something.
Something closely misses the orc wizard.
Something hits you.
You take 2 damage, and have 21/48 hp.
You hit something.
You hear some strange, mumbled words.
You are confused.
Something hits you.
You take 1 damage, and have 20/48 hp.
You closely miss something.
You hear some strange, mumbled words.
A puff of flame appears from out of thin air!
The puff of flame misses you.
You closely miss something. Something hits you but does no damage.
You bump into the rock wall.
The rat twitches its whiskers.
You hear some strange, mumbled words.
You are more confused.
The orc wizard points at you and mumbles some strange words.
The puff of flame hits something.
Reactivating autopickup.
You feel a bit more experienced.
You bump into the rock wall.
You bump into the rock wall.
Something hits you but does no damage.
Deactivating autopickup; reactivate with Ctrl-A.
You barely miss something. Your headbutt misses something.
Something hits you but does no damage. x2
You miss something.
You hear some strange, mumbled words.
A magic dart appears from out of thin air!
The magic dart hits you but does no damage.
You feel less confused. Something hits you but does no damage.
The orc wizard gestures at you while chanting.
The magic dart hits something.
Reactivating autopickup.
The rat twitches its whiskers.
The orc wizard hits you with a +1 dagger of speed.
Things that are here:
a +0 dagger; a +0 robe; an orc corpse You take 1 damage, and have 22/48 hp.
You hit the orc wizard but do no damage.
The orc wizard points at you and mumbles some strange words.
You are confused.
The rat twitches its whiskers.
You barely miss the orc wizard.
The orc wizard hits you but does no damage. x2
You bump into the rock wall.
The orc wizard hits you but does no damage.
The orc wizard hits you with a +1 dagger of speed.
The orc wizard attacks as it pursues you!
The orc wizard hits you with a +1 dagger of speed.
You take 2 damage, and have 20/48 hp.
You bump into the rock wall.
The orc wizard points at you and mumbles some strange words.
The magic dart hits you!
* * * LOW HITPOINT WARNING * * *
You take 10 damage, and have 10/48 hp.
MASSIVE DAMAGE!!
You're too confused to move!
The orc wizard hits you with a +1 dagger of speed.
* * * LOW HITPOINT WARNING * * *
You take 2 damage, and have 8/48 hp.
You bump into the rock wall.
The orc wizard hits you with a +1 dagger of speed.
* * * LOW HITPOINT WARNING * * *
The orc wizard points at you and mumbles some strange words.
The magic dart hits you.
* * * LOW HITPOINT WARNING * * *
You take 7 damage, and have 1/48 hp.
You hit the orc wizard but do no damage.
You feel less confused. The orc wizard closely misses you.
You barely miss the orc wizard. Your headbutt misses the orc wizard.
The orc wizard barely misses you. You furiously retaliate!
You headbutt the orc wizard.
The orc wizard hits you with a +1 dagger of speed.
You die...

### ..#
##########.. #.#
#....<.....# #.#
#.########## #.#
#.#
####.##.#######.#
......$..@......#
###.##.#o######.#
#.###.###...# ..#
##r)..r.# #.#
#<####..#######.
#. #.##
#.......... # ...
##{#######. #.##
# #o# !.. .. #.
#. #.##.##.##


You could see an orc wizard.

Vanquished Creatures
  A sleepcap (D:3)
  Natasha (thrice) (D:2)
  An adder (D:2)
  A dart slug (D:1)
  2 ribbon worms (D:2)
  3 orcs (D:3)
  An endoplasm (D:1)
  A giant cockroach (D:1)
  4 goblins
  6 hobgoblins (D:1)
  3 quokkas
  6 ball pythons
  4 bats
  3 frilled lizards
  4 kobolds
  3 rats
46 creatures vanquished.

Vanquished Creatures (others)
  2 orc wizards (D:3)
2 creatures vanquished.

Grand Total: 48 creatures vanquished

Notes
Turn   | Place    | Note
-------+----------+-------------------------------------------
     0 | D:1      | SkeletonJelly the Minotaur Fighter began the quest for the
                  | Orb.
     0 | D:1      | Reached XP level 1. HP: 19/19 MP: 0/0
   115 | D:1      | Reached XP level 2. HP: 26/27 MP: 1/1
   125 | D:1      | Found a faded altar of an unknown god.
   518 | D:1      | Reached XP level 3. HP: 28/33 MP: 2/2
   639 | D:2      | Noticed Natasha
   644 | D:2      | Killed Natasha
   802 | D:2      | Noticed Natasha
   808 | D:2      | Killed Natasha
   809 | D:2      | Reached XP level 4. HP: 20/41 MP: 3/3
   967 | D:2      | Noticed Natasha
   973 | D:2      | Killed Natasha
   974 | D:2      | Reached skill level 5 in Axes
  1452 | D:3      | Reached skill level 5 in Fighting
  1452 | D:3      | Reached XP level 5. HP: 11/48 MP: 4/4
  1680 | D:3      | HP: 1/48 [orc wizard/magic dart (3)]
  1682 | D:3      | Slain by an orc wizard

Illustrated notes

Levels and vault maps discovered:
D:1:      scummos_arrival_simple_crosswalls, layout_basic,
          ebering_ecumenical_altar_box, minmay_misc_feat_five
D:2:      layout_loops_ring, serial_forest, infiniplex_forest_lined_corner,
          infiniplex_forest_clump_tiny, infiniplex_forest_clump_curved,
          infiniplex_forest_lined_4_way, infiniplex_forest_clump_diagonal,
          infiniplex_forest_lined_ring, infiniplex_forest_clump_double,
          infiniplex_forest_lined_ring, uniq_natasha
D:3:      layout_loops_ring, grunt_temple_overflow_diamond

Skill      XL: |  1  2  3  4 |
---------------+-------------+-----
Axes           | 3 4 5 |  5.7
Fighting       | 4 5 |  5.2
Armour         | |  3.6
Shields        | |  3.6

Action                     |  1- 3 |  4- 6 || total
---------------------------+-------+-------++-------
  Melee: War axe           |    57 |    58 ||   115
         Headbutt          |    10 |     4 ||    14
 Armour: Scale mail        |    30 |    78 ||   108
  Dodge: Dodged            |    32 |    26 ||    58
  Block: Buckler           |    12 |     9 ||    21

Table legend: (Time is in decaauts)
 A = Elapsed time spent in this place.
 B = Non-inter-level travel time spent in this place.
 C = Inter-level travel time spent in this place.
 D = Time resting spent in this place.
 E = Time spent auto-exploring this place.
 F = Levels seen in this place.
 G = Mean time per level.
                   A        B        C        D        E       F      G
               +--------+--------+--------+--------+--------+-----+--------+
         Total |   1718 |   1641 |     77 |    143 |   1175 |   3 |  572.7 |
       Dungeon |   1718 |   1641 |     77 |    143 |   1175 |   3 |  572.7 |
               +--------+--------+--------+--------+--------+-----+--------+

Top non-repeatable levels by time:
     D:2: 951 daAuts
     D:1: 628 daAuts
     D:3: 137 daAuts
